 Dungeon Crawl Stone Soup version 0.29.0-11-gd7f09526c8 (webtiles) character file.

Game seed: 11497481820732675397

626 Pooter the Ruffian (level 7, 0/65 HPs)
             Began as a Troll Earth Elementalist on Sept 3, 2022.
             Was a Believer of Trog.
             Slain by a white imp (3 damage)
             ... summoned by Eustachio
             ... on level 4 of the Dungeon.
             The game lasted 00:30:23 (3133 turns).

Pooter the Ruffian (Troll Earth Elementalist)       Turns: 3133, Time: 00:30:23

Health: 0/65       AC:  4    Str: 17      XL:     7   Next: 23%
Magic:  7/7        EV:  8    Int: 13      God:    Trog [**....]
Gold:   198        SH:  5    Dex:  8 (10) Spells: 7/8 levels left

rFire   . . .      SeeInvis .     - Unarmed
rCold   . . .      Faith    .   x - +0 kite shield
rNeg    . . .      Spirit   .   a - +0 robe
rPois   .          Reflect  .   (helmet restricted)
rElec   .          Harm     .   (no cloak)
rCorr   .          Rampage  .   (gloves unavailable)
Will    .....                   (boots unavailable)
Stlth   +.........              (no amulet)
HPRegen 1.00/turn               (no ring)
MPRegen 0.10/turn               (no ring)

@: hasted, very quick
A: large, unfitting armour, claws 3, regeneration 1, shaggy fur 1, tough skin 1
a: Renounce Religion, Berserk, Trog's Hand


You were on level 4 of the Dungeon.
You worshipped Trog.
Trog was pleased with you.
You visited 1 branch of the dungeon, and saw 4 of its levels.
You also visited: Ossuary.

You collected 198 gold pieces.

Inventory:

Hand Weapons
 b - a +0 sling
   (You found it on level 3 of the Dungeon)
 d - a +0 whip
   (You took it off a kobold on level 1 of the Dungeon)
Missiles
 p - 8 poisoned darts (quivered)
 Q - 7 stones
Armour
 a - a +0 robe (worn)
 x - a +0 kite shield (worn)
   (You found it on level 4 of the Dungeon)
Magical Staves
 j - a staff of cold
   (You found it on level 1 of the Dungeon)
 r - a staff of air
   (You found it on level 2 of the Dungeon)
Scrolls
 e - a scroll of enchant armour
 h - a scroll of fear
 n - 2 scrolls of blinking
 u - 3 scrolls of poison {!r}
 w - a scroll of immolation {unknown}
 y - a scroll of noise {unknown}
Potions
 c - 2 potions of haste {@q3}
 f - 2 potions of might {unknown}
 g - 2 potions of ambrosia
 k - 2 potions of resistance
 l - 5 potions of flight
 m - 3 potions of brilliance {unknown}
 o - a potion of mutation {unknown}
 q - a potion of attraction {unknown}
 t - 2 potions of heal wounds {@q2}
 v - 5 potions of cancellation {unknown}
 z - 2 potions of lignification {!q}


   Skills:
 + Level 2.3 Fighting
 + Level 1.2 Ranged Weapons
 + Level 2.5 Throwing
 - Level 1.5 Dodging
 - Level 1.0 Stealth
 * Level 5.3 Unarmed Combat
 - Level 1.2 Spellcasting
 - Level 0.6 Transmutations
 - Level 3.4 Earth Magic


You had 7 spell levels left.
You knew the following spells:

 Your Spells              Type           Power      Damage    Failure   Level
a - Sandblast             Erth           18%        2d7       19%         1

Your spell library contained the following spells:

 Spells                   Type           Power      Damage    Failure   Level
 Passwall                 Tmut/Erth      5%         N/A       45%         2
 Stone Arrow              Conj/Erth      10%        3d7       73%         3
 Petrify                  Tmut/Erth      6%         N/A       97%         4


Dungeon Overview and Level Annotations

Branches:
Dungeon (4/15)            Ossuary (visited)
 Temple: D:4-7

Altars:
Trog

Annotations:
D:4 3 runed translucent doors, Eustachio; freelancePsychic's ghost, amateur KoNe; rumses's ghost, amateur HOFi; xian's ghost, amateur TeDe


Innate Abilities, Weirdness & Mutations

You are too large for most types of armour.
You have claws for hands.
Your natural rate of healing is unusually fast.
You are covered in fur. (AC +1)
You have tough skin. (AC +1)


Message History

Aim: Eustachio, wielding a +4 falchion of electrocution and wearing a +2 leather armour of willpower (46% to hit)
You throw a large rock. The large rock barely misses Eustachio.
The orc shouts!
Throw: 3 large rocks
Aim: Eustachio, wielding a +4 falchion of electrocution and wearing a +2 leather armour of willpower (46% to hit)
You throw a large rock.
The large rock closely misses Eustachio.
Eustachio gestures wildly while chanting.
Throw: 2 large rocks
Aim: Eustachio, wielding a +4 falchion of electrocution and wearing a +2 leather armour of willpower (46% to hit)
You throw a large rock. The large rock hits the quokka!
You kill the quokka!
The quokka's corpse disappears in a puff of smoke!
Eustachio says, "My allies will avenge me."
The white imp gestures at you. The puff of frost hits you.
Throw: large rock
Aim: Eustachio, wielding a +4 falchion of electrocution and wearing a +2 leather armour of willpower (46% to hit)
You throw a large rock. The large rock barely misses Eustachio.
The quasit barely misses you. You block the quasit's attack. x2
The orc barely misses you. Eustachio closely misses you.
The quasit barely misses you. x2
The quasit claws you but does no damage.
The orc hits you with a +0 flail.
Eustachio hits you with a +4 falchion of electrocution.
You are electrocuted!
The quasit bites you.
You feel clumsy.
The quasit claws you but does no damage.
The quasit barely misses you.
b - a +0 sling (weapon)
You block the orc's attack.
Eustachio hits you with a +4 falchion of electrocution!
You are now empty-clawed.
The quasit closely misses you. The quasit claws you.
The quasit claws you but does no damage.
You feel yourself speed up.
The quasit bites you but does no damage.
The quasit claws you.
* * * LOW HITPOINT WARNING * * *
You feel clumsy.
The quasit claws you but does no damage.
The orc closely misses you.
Eustachio hits you with a +4 falchion of electrocution!
* * * LOW HITPOINT WARNING * * *
You are electrocuted!!
* * * LOW HITPOINT WARNING * * *
You barely miss Eustachio. The white imp hits you.
* * * LOW HITPOINT WARNING * * *
The white imp freezes you.
You die...

#..#. (.(....... .$
##..## .......... ..
#...#. #.......##.#
....... ##..........#
....... ............#
....... ..........##.
.......
#.@55........###.#..
#.o@.# #.##..#......
##..###............. .#
#.## ..............
...####.# ##.......##..##
#.......###.......<##.##.
.........##...#....#.....
.............##..........
.......###..###.#........
.....#.###....#.#..)..>..


You could see Eustachio, a quasit (summoned), a white imp (summoned) and an orc.

Vanquished Creatures
  Menkaure (D:4)
  An elf zombie (Ossuary)
  A necrophage (D:3)
  A scorpion (D:3)
  2 human zombies (Ossuary)
  3 hound zombies (Ossuary)
  3 mummies (Ossuary)
  4 gnolls
  3 adders
  3 adder zombies (Ossuary)
  3 worms (D:2)
  2 dart slugs (D:4)
  An orc (D:4)
  4 bats
  8 endoplasms
  2 giant cockroaches (D:1)
  A gnoll zombie (Ossuary)
  7 goblins
  3 hobgoblins
  8 jackals
  12 kobolds
  2 quokkas (D:1)
  7 ball pythons
  4 frilled lizards
  A goblin zombie (Ossuary)
  4 hobgoblin zombies (Ossuary)
  6 jackal zombies (Ossuary)
  3 kobold zombies (Ossuary)
  An orc zombie (Ossuary)
  8 quokka zombies (Ossuary)
  4 rats
  2 rat zombies (Ossuary)
115 creatures vanquished.

Vanquished Creatures (others)
  A ball python (D:1)
1 creature vanquished.

Grand Total: 116 creatures vanquished

Notes
Turn   | Place    | Note
-------+----------+-------------------------------------------
     0 | D:1      | Pooter the Troll Earth Elementalist began the quest for the
                  | Orb.
     0 | D:1      | Reached XP level 1. HP: 16/16 MP: 1/1
    56 | D:1      | Reached skill level 1 in Unarmed Combat
    91 | D:1      | Reached XP level 2. HP: 24/24 MP: 0/2
   767 | D:1      | Reached skill level 2 in Unarmed Combat
   975 | D:2      | Reached XP level 3. HP: 31/31 MP: 1/3
  1368 | D:2      | Reached skill level 3 in Unarmed Combat
  1421 | D:1      | Reached XP level 4. HP: 39/39 MP: 0/4
  1722 | D:2      | Found a faded altar of an unknown god.
  1730 | D:2      | Prayed at the altar of an unknown god.
  1730 | D:2      | Became a worshipper of Trog the Wrathful
  1730 | D:2      | Reached * piety under Trog
  1877 | D:3      | Noticed a necrophage
  1881 | D:3      | Noticed a scorpion
  1887 | D:3      | Killed a scorpion
  1888 | D:3      | Reached XP level 5. HP: 46/46 MP: 5/5
  1895 | D:3      | Reached skill level 1 in Fighting
  1895 | D:3      | Reached skill level 1 in Throwing
  1895 | D:3      | Reached skill level 4 in Unarmed Combat
  2384 | D:4      | Found a runed translucent gate.
  2384 | D:4      | Found a runed translucent gate.
  2386 | D:4      | Found a runed translucent gate.
  2387 | D:4      | Noticed rumses's ghost (amateur HOFi)
  2388 | D:4      | Noticed freelancePsychic's ghost (amateur KoNe)
  2388 | D:4      | Noticed xian's ghost (amateur TeDe)
  2418 | D:4      | Noticed Menkaure
  2437 | D:4      | Killed Menkaure
  2438 | D:4      | Reached XP level 6. HP: 47/57 MP: 6/6
  2518 | D:4      | Found a sand-covered staircase.
  2523 | Ossuary  | Entered an ossuary
  2579 | Ossuary  | Reached ** piety under Trog
  2782 | Ossuary  | Reached skill level 1 in Ranged Weapons
  2782 | Ossuary  | Reached skill level 5 in Unarmed Combat
  2858 | Ossuary  | Reached XP level 7. HP: 58/65 MP: 7/7
  3124 | D:4      | Noticed Eustachio
  3133 | D:4      | HP: 3/65 [white imp[Eustachio] (3)]
  3133 | D:4      | Slain by a white imp

Illustrated notes

Levels and vault maps discovered:
D:1:      dpeg_arrival_arbitrary_c, layout_loops_ring,
          chequers_serial_rivers_micro_a, lemuel_flame_loot_1
D:2:      layout_rooms, shapermc_ecumenical_altar_pompeii, st_stairs_13
D:3:      layout_rooms
D:4:      minmay_spotlight, layout_cave_pools, enter_ossuary_2,
          gammafunk_ghost_cemetery, minmay_pentomino_pile, uniq_eustachio,
          uniq_menkaure

Skill      XL: |  1  2  3  4  5  6 |
---------------+-------------------+-----
Unarmed Combat | 1 2 3 4 5 |  5.3
Earth Magic    | 3 |  3.4
Fighting       | 1 2 |  2.3
Throwing       | 1 2 |  2.5
Ranged Weapons | 1 |  1.2
Dodging        | |  1.5
Stealth        | |  1.0
Spellcasting   | |  1.2
Transmutations | |  0.6

Action                   |  1- 3 |  4- 6 |  7- 9 || total
-------------------------+-------+-------+-------++-------
Melee: Unarmed           |    44 |   146 |    35 ||   225
 Fire: Sling             |       |    56 |    16 ||    72
Throw: Stone             |    18 |    25 |       ||    43
       Large rock        |       |     1 |     8 ||     9
       Dart              |       |     1 |       ||     1
 Cast: Sandblast         |    49 |     8 |       ||    57
Invok: Berserk           |       |     4 |       ||     4
  Use: Potion            |     2 |       |     1 ||     3
       Scroll            |     6 |     2 |     1 ||     9
Armor: Robe              |    19 |    64 |    20 ||   103
Dodge: Dodged            |    30 |    64 |    14 ||   108
Block: Kite shield       |       |    26 |    13 ||    39
